 Dungeon Crawl Stone Soup version 0.22.0-6-g71bd7aa (webtiles) character file.

2154 mopl the Skirmisher (level 9, -10/74 HPs)
             Began as a Gnoll Wanderer on Aug 15, 2018.
             Was a Believer of Ru.
             Mangled by a red ugly thing (11 damage)
             ... on level 8 of the Dungeon.
             The game lasted 00:13:58 (7095 turns).

mopl the Skirmisher (Gnoll Wanderer)                Turns: 7095, Time: 00:14:00

Health: -10/74     AC: 14    Str: 17    XL:     9   Next: 31%
Magic:  15/15      EV:  9    Int: 15    God:    Ru [**....]
Gold:   15         SH:  4    Dex: 19    Spells: 16/16 levels left

rFire    + . .     SeeInvis +   a - +6 hunting sling "Xoifasos" {flame, rC+ Dex+4}
rCold    + . .     Gourm    .   (no shield)
rNeg     . . .     Faith    .   N - +0 chain mail
rPois    .         Spirit   .   T - +0 helmet {SInv}
rElec    .         Reflect  +   (no cloak)
rCorr    .         Harm     .   O - +2 pair of gloves
MR       .....                  (no boots)
Stlth    ..........             u - +4 amulet of reflection
HPRegen  0.22/turn              A - ring of protection from fire
MPRegen  0.14/turn              E - ring of attention (curse)

@: horrified
A: distributed training, fangs 1, no stealth, cowardly, no charms magic, no
hexes magic, no ice magic, strong nose
a: Renounce Religion


You were on level 8 of the Dungeon.
You worshipped Ru.
Ru was pleased with you.
You were near starving.

You visited 1 branch of the dungeon, and saw 8 of its levels.

You collected 262 gold pieces.
You spent 247 gold pieces at shops.

Inventory:

Hand Weapons
 a - the +6 hunting sling "Xoifasos" (weapon) {flame, rC+ Dex+4}
   (You found it on level 4 of the Dungeon)

   It causes projectiles fired from it to burn those they strike, causing extra
   injury to most foes and up to half again as much damage against particularly
   susceptible opponents.
   It affects your dexterity (+4).
   It protects you from cold.
 b - a +0 hand crossbow
 y - a +0 blowgun
 z - a +2 dagger of draining
 C - a +2 dagger of electrocution
 F - a +0 quarterstaff
Missiles
 c - 75 bolts
 h - 84 sling bullets (quivered)
 l - 82 stones
 n - 51 poisoned needles
 t - 5 tomahawks
 P - 6 arrows
Armour
 N - a +0 chain mail (worn)
 O - a +2 pair of gloves (worn)
 T - a +0 helmet of see invisible (worn)
Jewellery
 u - a +4 amulet of reflection (around neck)
 A - a ring of protection from fire (left hand)
 E - a cursed ring of attention (right hand)
 G - an uncursed ring of see invisible
 M - an uncursed ring of flight
 Q - an uncursed ring of wizardry
Wands
 f - a wand of paralysis (14)
 B - a wand of flame (43)
 D - a wand of enslavement (22)
 K - a wand of polymorph (17)
 R - a wand of acid (5)
Scrolls
 e - a scroll of amnesia {unknown}
 i - 3 scrolls of random uselessness {unknown}
 j - 6 scrolls of remove curse
 k - 5 scrolls of teleportation {unknown}
 m - 4 scrolls of fear {unknown}
 o - 3 scrolls of identify
 s - 3 scrolls of enchant weapon {unknown}
 H - a scroll of magic mapping {unknown}
 I - a scroll of immolation {unknown}
 J - 2 scrolls of blinking {unknown}
Potions
 d - 7 potions of curing
 p - a potion of lignification {!q}
 q - a potion of agility
 r - a potion of haste
 v - 3 potions of invisibility
 w - a potion of magic
 x - 2 potions of flight
 L - 2 potions of might
 S - a potion of heal wounds
 U - a potion of berserk rage {!q}
Comestibles
 g - 8 rations


   Skills:
 + Level 7.8 Fighting
 + Level 4.9 Short Blades
 + Level 4.0 Long Blades
 + Level 4.0 Axes
 + Level 4.0 Maces & Flails
 + Level 4.0 Polearms
 + Level 4.0 Staves
 + Level 4.0 Slings
 + Level 4.0 Bows
 + Level 4.9 Crossbows
 + Level 4.0 Throwing
 + Level 4.9 Armour
 + Level 4.0 Dodging
   Level 0.0 Stealth
 + Level 4.0 Shields
 + Level 4.0 Unarmed Combat
 + Level 4.0 Spellcasting
 + Level 3.3 Conjurations
   Level 0.0 Hexes
   Level 0.0 Charms
 + Level 3.3 Summonings
 + Level 3.3 Necromancy
 + Level 3.3 Translocations
 + Level 3.3 Transmutations
 + Level 3.3 Fire Magic
   Level 0.0 Ice Magic
 + Level 3.3 Air Magic
 + Level 3.3 Earth Magic
 + Level 3.3 Poison Magic
 + Level 4.4 Invocations
 + Level 4.9 Evocations


You had 16 spell levels left.
You didn't know any spells.
Your spell library was empty.

Dungeon Overview and Level Annotations

Branches:
Dungeon (8/15)             Temple (0/1) D:5
   Lair: D:8-11

Altars:
Cheibriados
Dithmenos
Kikubaaqudgha
Ru
Vehumet
Wu Jian

Shops:
D:7 [

Annotations:
D:4 3 runed doors, Masnef's ghost, amateur DrAM
D:8 2 transporters, Verendum's ghost, novice FoWn


Innate Abilities, Weirdness & Mutations

Your experience applies equally to all skills.
You have very sharp teeth.
You cannot be stealthy.
Your cowardice makes you less effective in combat with threatening monsters.
You cannot study or cast Charms magic.
You cannot study or cast Hexes magic.
You cannot study or cast Ice magic.
Your uncanny sense of smell can sniff out nearby items.


Message History

Aim: a red ugly thing (heavily wounded)
You shoot a sling bullet.
The sling bullet barely misses the red ugly thing.
The sling bullet hits the bullfrog!
The sling bullet burns the bullfrog.
You kill the bullfrog!
The red ugly thing gores you.
* * * LOW HITPOINT WARNING * * *
You are engulfed in flames.
You resist.
* * * LOW HITPOINT WARNING * * *
Firing (i - inventory. (/) - cycle)
h - 85 sling bullets (quivered)
Press: ? - help, Shift-Dir - straight line, f/p - red ugly thing
Aim: a red ugly thing (heavily wounded)
You shoot a sling bullet.
The sling bullet hits the red ugly thing!
The sling bullet burns the red ugly thing.
The red ugly thing is severely wounded.
The red ugly thing gores you.
* * * LOW HITPOINT WARNING * * *
You are engulfed in flames!
You resist.
You die...

#### ...# ##.# #.# ##.# .#.# .##
.#.# ... .#.############### .##
.....<...##.....@# #.#
...#####.##.#.##u## ∆ ## #.##
#### #.##...##(.........# #.## #
#..<...#..(##.####.# #.##
###########.......(. #.# #.##
#....................####.# #.##
.....######............##.# #.##
.[..........#.#...#..#.##.####.##
.....######.#.##(##............##


You could see a red ugly thing.

Vanquished Creatures
  A hornet (D:8)
  A wyvern (D:8)
  4 ogres
  3 big kobolds
  Blork the orc (D:5)
  2 bullfrogs
  A wyvern skeleton (D:7)
  5 killer bees
  2 vampire bats (D:4)
  A howler monkey (D:6)
  A crimson imp (D:8)
  A hound (D:6)
  2 orc priests (D:4)
  A jelly (D:7)
  2 bullfrog skeletons (D:4)
  A centaur skeleton (D:4)
  3 iguanas
  An orc wizard (D:5)
  3 worker ants
  3 hound skeletons
  A worker ant zombie (D:5)
  3 gnolls (D:7)
  3 adders
  2 shadow imps
  An ooze (D:2)
  An adder zombie (D:7)
  4 worms
  4 dart slugs
  6 leopard geckos
  22 orcs
  4 bat skeletons (D:4)
  A bat zombie (D:4)
  4 giant cockroaches
  6 goblins
  8 hobgoblins
  10 jackals
  4 quokkas
  12 bats
  5 frilled lizards
  21 kobolds
  A quokka skeleton (D:6)
  6 rats
168 creatures vanquished.

Notes
Turn   | Place    | Note
-------+----------+-------------------------------------------
     0 | D:1      | mopl the Gnoll Wanderer began the quest for the Orb.
     0 | D:1      | mopl set off with: a wand of paralysis (15), a +0 hand crossbow, 19 bolts, a potion of curing, a +0 robe, a +0 dagger, a ration
     0 | D:1      | Reached XP level 1. HP: 23/23 MP: 2/2
   309 | D:1      | Reached XP level 2. HP: 6/29 MP: 3/3
   665 | D:1      | Reached XP level 3. HP: 35/35 MP: 4/4
   815 | D:1      | Reached skill level 6 in Stealth
  1094 | D:2      | Found a sacrificial altar of Ru.
  1097 | D:2      | Reached skill level 1 in Invocations
  1106 | D:2      | Became a worshipper of Ru the Awakened
  1161 | D:2      | Found a radiant altar of Vehumet.
  1324 | D:2      | Reached skill level 1 in Long Blades
  1324 | D:2      | Reached skill level 1 in Axes
  1324 | D:2      | Reached skill level 1 in Maces & Flails
  1324 | D:2      | Reached skill level 1 in Polearms
  1324 | D:2      | Reached skill level 1 in Staves
  1324 | D:2      | Reached skill level 1 in Slings
  1324 | D:2      | Reached skill level 1 in Bows
  1324 | D:2      | Reached skill level 1 in Throwing
  1324 | D:2      | Reached skill level 1 in Dodging
  1324 | D:2      | Reached skill level 1 in Shields
  1324 | D:2      | Reached skill level 1 in Unarmed Combat
  1324 | D:2      | Reached skill level 1 in Spellcasting
  1373 | D:2      | Reached XP level 4. HP: 41/41 MP: 6/6
  1784 | D:3      | Found a shadowy altar of Dithmenos.
  2562 | D:3      | Gained mutation: Your cowardice makes you less effective in combat with threatening monsters. [Ru sacrifice]
  2562 | D:3      | Reached * piety under Ru
  2933 | D:3      | Reached skill level 1 in Conjurations
  2933 | D:3      | Reached skill level 1 in Hexes
  2933 | D:3      | Reached skill level 1 in Charms
  2933 | D:3      | Reached skill level 1 in Summonings
  2933 | D:3      | Reached skill level 1 in Necromancy
  2933 | D:3      | Reached skill level 1 in Translocations
  2933 | D:3      | Reached skill level 1 in Transmutations
  2933 | D:3      | Reached skill level 1 in Fire Magic
  2933 | D:3      | Reached skill level 1 in Ice Magic
  2933 | D:3      | Reached skill level 1 in Air Magic
  2933 | D:3      | Reached skill level 1 in Earth Magic
  2933 | D:3      | Reached skill level 1 in Poison Magic
  3088 | D:4      | Reached XP level 5. HP: 47/47 MP: 7/7
  3315 | D:4      | Reached skill level 3 in Short Blades
  3315 | D:4      | Reached skill level 3 in Crossbows
  3315 | D:4      | Reached skill level 3 in Armour
  3315 | D:4      | Reached skill level 3 in Evocations
  3586 | D:4      | Got a warped hunting sling
  3587 | D:4      | Identified the +6 hunting sling "Xoifasos" {flame, rC+ Dex+4} (You found it on level 4 of the Dungeon)
  3653 | D:4      | Found a runed gate.
  3654 | D:4      | Found a runed gate.
  3655 | D:4      | Found a runed gate.
  3656 | D:4      | Noticed Masnef's ghost (amateur DrAM)
  3731 | D:4      | Reached XP level 6. HP: 53/53 MP: 8/8
  3734 | D:4      | Reached skill level 2 in Invocations
  3878 | D:4      | Found an ancient bone altar of Kikubaaqudgha.
  3885 | D:4      | Reached skill level 2 in Long Blades
  3885 | D:4      | Reached skill level 2 in Axes
  3885 | D:4      | Reached skill level 2 in Maces & Flails
  3885 | D:4      | Reached skill level 2 in Polearms
  3885 | D:4      | Reached skill level 2 in Staves
  3885 | D:4      | Reached skill level 2 in Slings
  3885 | D:4      | Reached skill level 2 in Bows
  3885 | D:4      | Reached skill level 2 in Throwing
  3885 | D:4      | Reached skill level 2 in Dodging
  3885 | D:4      | Reached skill level 2 in Shields
  3885 | D:4      | Reached skill level 2 in Unarmed Combat
  3885 | D:4      | Reached skill level 2 in Spellcasting
  3990 | D:4      | Reached XP level 7. HP: 59/59 MP: 10/10
  4119 | D:5      | Entered Level 5 of the Dungeon
  4263 | D:5      | Reached skill level 7 in Fighting
  4277 | D:5      | Found a staircase to the Ecumenical Temple.
  4292 | D:5      | Reached skill level 2 in Conjurations
  4292 | D:5      | Reached skill level 2 in Hexes
  4292 | D:5      | Reached skill level 2 in Charms
  4292 | D:5      | Reached skill level 2 in Summonings
  4292 | D:5      | Reached skill level 2 in Necromancy
  4292 | D:5      | Reached skill level 2 in Translocations
  4292 | D:5      | Reached skill level 2 in Transmutations
  4292 | D:5      | Reached skill level 2 in Fire Magic
  4292 | D:5      | Reached skill level 2 in Ice Magic
  4292 | D:5      | Reached skill level 2 in Air Magic
  4292 | D:5      | Reached skill level 2 in Earth Magic
  4292 | D:5      | Reached skill level 2 in Poison Magic
  4524 | D:5      | Noticed Blork the orc
  4529 | D:5      | Killed Blork the orc
  4839 | D:6      | Reached skill level 3 in Invocations
  4923 | D:6      | Gained mutation: You cannot be stealthy. [Ru sacrifice]
  4923 | D:6      | Reduced skill Stealth to level 0
  4936 | D:6      | Reached XP level 8. HP: 63/67 MP: 12/12
  5301 | D:6      | Reached skill level 4 in Short Blades
  5301 | D:6      | Reached skill level 3 in Long Blades
  5301 | D:6      | Reached skill level 3 in Axes
  5301 | D:6      | Reached skill level 3 in Maces & Flails
  5301 | D:6      | Reached skill level 3 in Polearms
  5301 | D:6      | Reached skill level 3 in Staves
  5301 | D:6      | Reached skill level 3 in Slings
  5301 | D:6      | Reached skill level 3 in Bows
  5301 | D:6      | Reached skill level 4 in Crossbows
  5301 | D:6      | Reached skill level 3 in Throwing
  5301 | D:6      | Reached skill level 4 in Armour
  5301 | D:6      | Reached skill level 3 in Dodging
  5301 | D:6      | Reached skill level 3 in Shields
  5301 | D:6      | Reached skill level 3 in Unarmed Combat
  5301 | D:6      | Reached skill level 3 in Spellcasting
  5301 | D:6      | Reached skill level 4 in Evocations
  5503 | D:6      | Found a snail-covered altar of Cheibriados.
  6056 | D:7      | Found Jihairch's Antique Armour Emporium.
  6068 | D:7      | Bought a glowing helmet for 247 gold pieces
  6149 | D:8      | Noticed a wyvern
  6345 | D:8      | Got an agate-encrusted ring mail
  6356 | D:8      | Identified the +1 ring mail "Xydenash" {*Slow Int+6 Dex+6} (You found it on level 8 of the Dungeon)
  6440 | D:8      | Killed a wyvern
  6472 | D:8      | Reached skill level 4 in Invocations
  6478 | D:8      | Reached skill level 3 in Conjurations
  6478 | D:8      | Reached skill level 3 in Hexes
  6478 | D:8      | Reached skill level 3 in Charms
  6478 | D:8      | Reached skill level 3 in Summonings
  6478 | D:8      | Reached skill level 3 in Necromancy
  6478 | D:8      | Reached skill level 3 in Translocations
  6478 | D:8      | Reached skill level 3 in Transmutations
  6478 | D:8      | Reached skill level 3 in Fire Magic
  6478 | D:8      | Reached skill level 3 in Ice Magic
  6478 | D:8      | Reached skill level 3 in Air Magic
  6478 | D:8      | Reached skill level 3 in Earth Magic
  6478 | D:8      | Reached skill level 3 in Poison Magic
  6482 | D:8      | Reached XP level 9. HP: 26/72 MP: 14/14
  6679 | D:8      | Noticed a hornet
  6688 | D:8      | Killed a hornet
  6762 | D:8      | Reached skill level 4 in Long Blades
  6762 | D:8      | Reached skill level 4 in Axes
  6762 | D:8      | Reached skill level 4 in Maces & Flails
  6762 | D:8      | Reached skill level 4 in Polearms
  6762 | D:8      | Reached skill level 4 in Staves
  6762 | D:8      | Reached skill level 4 in Slings
  6762 | D:8      | Reached skill level 4 in Bows
  6762 | D:8      | Reached skill level 4 in Throwing
  6762 | D:8      | Reached skill level 4 in Dodging
  6762 | D:8      | Reached skill level 4 in Shields
  6762 | D:8      | Reached skill level 4 in Unarmed Combat
  6762 | D:8      | Reached skill level 4 in Spellcasting
  6777 | D:8      | Found an ornate altar of the Wu Jian Council.
  6862 | D:8      | Found a transporter.
  6862 | D:8      | Found a transporter.
  6863 | D:8      | Noticed Verendum's ghost (novice FoWn)
  7080 | D:8      | Noticed a red ugly thing
  7093 | D:8      | Gained mutation: You cannot study or cast Ice magic. [Ru sacrifice]
  7093 | D:8      | Gained mutation: You cannot study or cast Hexes magic. [Ru sacrifice]
  7093 | D:8      | Gained mutation: You cannot study or cast Charms magic. [Ru sacrifice]
  7093 | D:8      | Reduced skill Ice Magic to level 0
  7093 | D:8      | Reduced skill Hexes to level 0
  7093 | D:8      | Reduced skill Charms to level 0
  7093 | D:8      | Reached ** piety under Ru
  7095 | D:8      | HP: 1/74 [red ugly thing (3)]
  7095 | D:8      | Mangled by a red ugly thing

Skill      XL: |  1  2  3  4  5  6  7  8  9 |
---------------+----------------------------+-----
Stealth        | 6 0 |  0.0
Invocations    | 1 2 3 4 |  4.4
Long Blades    | 1 2 3 4 |  4.0
Axes           | 1 2 3 4 |  4.0
Maces & Flails | 1 2 3 4 |  4.0
Polearms       | 1 2 3 4 |  4.0
Staves         | 1 2 3 4 |  4.0
Slings         | 1 2 3 4 |  4.0
Bows           | 1 2 3 4 |  4.0
Throwing       | 1 2 3 4 |  4.0
Dodging        | 1 2 3 4 |  4.0
Shields        | 1 2 3 4 |  4.0
Unarmed Combat | 1 2 3 4 |  4.0
Spellcasting   | 1 2 3 4 |  4.0
Conjurations   | 1 2 3 |  3.3
Hexes          | 1 2 3 0 |  0.0
Charms         | 1 2 3 0 |  0.0
Summonings     | 1 2 3 |  3.3
Necromancy     | 1 2 3 |  3.3
Translocations | 1 2 3 |  3.3
Transmutations | 1 2 3 |  3.3
Fire Magic     | 1 2 3 |  3.3
Ice Magic      | 1 2 3 0 |  0.0
Air Magic      | 1 2 3 |  3.3
Earth Magic    | 1 2 3 |  3.3
Poison Magic   | 1 2 3 |  3.3
Short Blades   | 3 4 |  4.9
Crossbows      | 3 4 |  4.9
Armour         | 3 4 |  4.9
Evocations     | 3 4 |  4.9
Fighting       | 7 |  7.8

Action                   |  1- 3 |  4- 6 |  7- 9 || total
-------------------------+-------+-------+-------++-------
Melee: Dagger            |    32 |    71 |       ||   103
       Bite              |     1 |     6 |       ||     7
 Fire: Hand crossbow     |    67 |    12 |       ||    79
       Hunting sling     |       |    59 |   205 ||   264
       Blowgun           |       |       |     4 ||     4
Invok: Sacrifice Courage |       |     1 |       ||     1
       Sacrifice Stealth |       |       |     1 ||     1
       Sacrifice Arcana  |       |       |     1 ||     1
Evoke: Wand              |       |     1 |       ||     1
  Use: Scroll            |       |     1 |     9 ||    10
 Stab: Sleeping          |     1 |     4 |       ||     5
       Paralysed         |       |     1 |       ||     1
       Distracted        |       |     1 |       ||     1
  Eat: Chunk             |     1 |     8 |     8 ||    17
Armor: Robe              |     4 |       |       ||     4
       Leather armour    |     8 |       |       ||     8
       Ring mail         |       |    23 |     3 ||    26
       Chain mail        |       |       |    43 ||    43
Dodge: Dodged            |    40 |    41 |    34 ||   115
Block: Other             |       |       |    13 ||    13
       Reflection        |       |       |     2 ||     2
